 Dungeon Crawl Stone Soup version 0.27.1-33-g824d729ab1 (webtiles) character file.

Game seed: 16848390828837165535

420 MisterFreud the Grasshopper (level 6, -3/47 HPs)
             Began as a Gnoll Wanderer on Dec 20, 2021.
             Killed by divine providence
             ... invoked by an orc priest
              (15 damage)
             ... on level 3 of the Dungeon.
             The game lasted 00:04:33 (4054 turns).

MisterFreud the Grasshopper (Gnoll Wanderer)        Turns: 4054, Time: 00:04:33

Health: -3/47      AC:  5    Str: 16    XL:     6   Next: 94%
Magic:  11/11      EV: 12    Int: 13    God:
Gold:   65         SH:  0    Dex: 13    Spells: 8/12 levels left

rFire    . . .     SeeInvis .   d - +2 rapier (venom)
rCold    . . .     Faith    .   (no shield)
rNeg     . . .     Spirit   .   c - +0 robe
rPois    .         Reflect  .   s - +2 helmet
rElec    .         Harm     .   (no cloak)
rCorr    .         Rampage  .   (no gloves)
Will     .....                  (no boots)
Stlth    ++........             (no amulet)
HPRegen  0.15/turn              q - +6 ring of strength
MPRegen  0.12/turn              (no ring)

@: no status effects
A: fangs 1, strong nose, distributed training
a: no special abilities


You were on level 3 of the Dungeon.
You visited 1 branch of the dungeon, and saw 4 of its levels.
You also visited: Sewer.

You collected 65 gold pieces.

Inventory:

Hand Weapons
 a - a +2 mace
 d - a +2 rapier of venom (weapon)
Missiles
 k - 5 atropa-tipped darts
 p - 21 poisoned darts
 x - 4 boomerangs
Armour
 c - a +0 robe (worn)
 s - a +2 helmet (worn)
 w - a +1 robe of cold resistance
Jewellery
 q - a +6 ring of strength (left hand)
Scrolls
 f - a scroll of holy word {unknown}
 g - a scroll of amnesia {unknown}
 h - a scroll of enchant armour {unknown}
 j - a scroll of acquirement {unknown}
 m - 6 scrolls of identify {unknown}
 n - a scroll of noise {unknown}
 r - a scroll of fear {unknown}
 u - 2 scrolls of enchant weapon {unknown}
Potions
 b - 2 potions of lignification
 e - 2 potions of haste {unknown}
 i - 3 potions of heal wounds
 l - 3 potions of curing {unknown}
 o - a potion of mutation {unknown}
 t - a potion of brilliance {unknown}
 v - 2 potions of flight


   Skills:
 + Level 3.4 Fighting
 + Level 2.1 Short Blades
 + Level 2.1 Long Blades
 + Level 2.1 Axes
 + Level 3.4 Maces & Flails
 + Level 2.1 Polearms
 + Level 2.1 Staves
 + Level 2.1 Slings
 + Level 2.1 Bows
 + Level 2.1 Crossbows
 + Level 2.1 Throwing
 + Level 3.4 Armour
 + Level 2.1 Dodging
 + Level 2.1 Stealth
 + Level 3.4 Shields
 + Level 2.1 Unarmed Combat
 + Level 3.5 Spellcasting
 + Level 1.7 Conjurations
 + Level 1.7 Hexes
 + Level 1.7 Summonings
 + Level 1.7 Necromancy
 + Level 5.7 Translocations
 + Level 2.7 Transmutations
 + Level 1.7 Fire Magic
 + Level 1.7 Ice Magic
 + Level 1.7 Air Magic
 + Level 1.7 Earth Magic
 + Level 1.7 Poison Magic
 + Level 2.4 Invocations
 + Level 3.4 Evocations


You had 8 spell levels left.
You knew the following spells:

 Your Spells              Type           Power      Damage    Failure   Level
a - Foxfire               Conj/Fire      24%        2x1d5     11%         1
b - Teleport Other        Tloc           17%        N/A       6%          3

Your spell library contained the following spells:

 Spells                   Type           Power      Damage    Failure   Level
 Gell's Gravitas          Tloc           8%         N/A       6%          3
 Dazzling Flash           Conj/Hex       12%        N/A       32%         3
 Agony                    Necr           6%         N/A       96%         5
 Silence                  Hex/Air        3%         N/A       96%         5
 Dispersal                Tloc           8%         N/A       97%         6


Dungeon Overview and Level Annotations

Branches:
Dungeon (4/15)              Sewer (visited)
 Temple: D:4-7

Altars:

Annotations:
D:2 Terence


Innate Abilities, Weirdness & Mutations

You have very sharp teeth.
Your uncanny sense of smell can sniff out nearby items.
Your experience applies equally to all skills.


Message History

The goblin is heavily wounded.
You kill the goblin!
The dart slug launches a dart at you. The slug dart hits you.
An orc priest comes into view. It is wielding a +0 dagger.
The orc closely misses you. The dart slug bites you.
You see here a +0 club.
The orc priest shouts!
You hit the dart slug.
The dart slug is poisoned.
You bite the dart slug.
The dart slug is heavily wounded.
The orc priest begins to cast a cantrip, but forgets the words!
The orc hits you from afar with a +0 trident.
An orc comes into view. It is wielding a +0 short sword.
The dart slug bites you but does no damage.
You puncture the dart slug!
You kill the dart slug!
The orc barely misses you. The orc misses you.
You hit the orc. You bite the orc, but do no damage.
The orc is lightly wounded.
The orc hits you with a +0 trident!
You hit the orc.
The orc is poisoned.
The orc is heavily wounded.
The orc hits you with a +0 trident.
You barely miss the orc priest. The orc hits you with a +0 trident.
The orc priest calls upon Beogh to heal the orc.
The orc's wounds heal themselves!
The orc hits you with a +0 trident.
* * * LOW HITPOINT WARNING * * *
There is a stone staircase leading up here.
The orc priest calls upon Beogh to heal the orc.
The orc's wounds heal themselves!
The orc hits you with a +0 short sword.
* * * LOW HITPOINT WARNING * * *
The orc closely misses you.
You climb upwards.
There is a stone staircase leading down here.
Unknown command.
Unknown command.
The orc priest calls down the wrath of Beogh upon you.
Beogh smites you!
You die...

#.........)..............#
#.....#.#.##..######.##..#
#.........##..# #.##..###
#.#.###.####..# #.#......
#.#.###.## #..# #.#..####
#........# #..# #.#..#
###......# #..# #.#..#
##.####.###oo######.#..#
#..# #...@>o..........#
#..# #####..#.######.##
#..########..#.# #[# ##
#...<........#.######.# #.
#..#######............####.
#..#######..#..######......
#..........###.## #######
#<........## ##.# #
##.#######.###.## #


You could see an orc priest and 2 orcs.

Vanquished Creatures
  A kobold brigand (Sewer)
  A scorpion (D:3)
  A howler monkey (D:4)
  An orc wizard (D:3)
  Natasha (thrice) (D:2)
  Robin (D:2)
  3 river rats (Sewer)
  2 adders
  2 worms
  3 dart slugs
  9 orcs (D:3)
  2 ball pythons
  3 bats (D:3)
  8 endoplasms
  4 giant cockroaches
  15 goblins
  5 hobgoblins
  4 jackals
  3 quokkas
  3 frilled lizards
  4 kobolds
  3 rats
81 creatures vanquished.

Vanquished Creatures (others)
  57 foxfires
57 creatures vanquished.

Grand Total: 138 creatures vanquished

Notes
Turn   | Place    | Note
-------+----------+-------------------------------------------
     0 | D:1      | MisterFreud the Gnoll Wanderer began the quest for the Orb.
     0 | D:1      | MisterFreud set off with the following items: a +2 mace, a
                  | potion of lignification, a +0 robe; and the following spell
                  | memorised: Foxfire; and the following spells available to
                  | memorise: Dazzling Flash
     0 | D:1      | Reached XP level 1. HP: 17/17 MP: 4/4
    94 | D:1      | Found a faded altar of an unknown god.
   393 | D:1      | Reached XP level 2. HP: 17/23 MP: 3/5
  1481 | D:2      | Reached XP level 3. HP: 27/28 MP: 7/7
  1609 | D:2      | Noticed Robin
  1609 | D:2      | Noticed Terence
  1680 | D:2      | Learned a level 3 spell: Teleport Other
  1818 | D:2      | Reached skill level 1 in Invocations
  1973 | D:2      | Noticed Natasha
  1981 | D:2      | Killed Natasha
  1982 | D:2      | Reached skill level 1 in Short Blades
  1982 | D:2      | Reached skill level 1 in Long Blades
  1982 | D:2      | Reached skill level 1 in Axes
  1982 | D:2      | Reached skill level 1 in Polearms
  1982 | D:2      | Reached skill level 1 in Staves
  1982 | D:2      | Reached skill level 1 in Slings
  1982 | D:2      | Reached skill level 1 in Bows
  1982 | D:2      | Reached skill level 1 in Crossbows
  1982 | D:2      | Reached skill level 1 in Throwing
  1982 | D:2      | Reached skill level 1 in Dodging
  1982 | D:2      | Reached skill level 1 in Stealth
  1982 | D:2      | Reached skill level 1 in Unarmed Combat
  1982 | D:2      | Reached XP level 4. HP: 19/34 MP: 8/8
  2105 | D:2      | Noticed Natasha
  2236 | D:2      | Killed Robin
  2237 | D:2      | Reached skill level 1 in Conjurations
  2237 | D:2      | Reached skill level 1 in Hexes
  2237 | D:2      | Reached skill level 1 in Summonings
  2237 | D:2      | Reached skill level 1 in Necromancy
  2237 | D:2      | Reached skill level 1 in Fire Magic
  2237 | D:2      | Reached skill level 1 in Ice Magic
  2237 | D:2      | Reached skill level 1 in Air Magic
  2237 | D:2      | Reached skill level 1 in Earth Magic
  2237 | D:2      | Reached skill level 1 in Poison Magic
  2391 | D:2      | Killed Natasha
  2392 | D:2      | Reached XP level 5. HP: 15/40 MP: 9/9
  2462 | D:2      | Noticed Natasha
  2476 | D:2      | Killed Natasha
  2938 | D:3      | Found a glowing drain.
  2948 | Sewer    | Entered a sewer
  3142 | Sewer    | Noticed a kobold brigand
  3155 | Sewer    | Killed a kobold brigand
  3156 | Sewer    | Reached XP level 6. HP: 42/47 MP: 6/11
  3221 | Sewer    | Found a white marble altar of Elyvilon.
  4054 | D:3      | Killed from afar by an orc priest

Illustrated notes

Levels and vault maps discovered:
D:1:      dpeg_arrival_snail, layout_basic,
          hellmonk_ecumenical_altar_pennies_from_heaven
D:2:      layout_loops_ring, uniq_terence, uniq_natasha, uniq_robin
D:3:      layout_loops_ring, portal_sewer_entry_f
D:4:      layout_rooms, kennysheep_mini,
          chequers_temple_overflow_statue_of_worship, ebering_ghost_inner_flame,
          uniq_crazy_yiuf_cottage

Skill      XL: |  1  2  3  4  5  6 |
---------------+-------------------+-----
Transmutations | 2 |  2.7
Invocations    | 1 2 |  2.4
Short Blades   | 1 2 |  2.1
Long Blades    | 1 2 |  2.1
Axes           | 1 2 |  2.1
Polearms       | 1 2 |  2.1
Staves         | 1 2 |  2.1
Slings         | 1 2 |  2.1
Bows           | 1 2 |  2.1
Crossbows      | 1 2 |  2.1
Throwing       | 1 2 |  2.1
Dodging        | 1 2 |  2.1
Stealth        | 1 2 |  2.1
Unarmed Combat | 1 2 |  2.1
Spellcasting   | 3 |  3.5
Conjurations   | 1 |  1.7
Hexes          | 1 |  1.7
Summonings     | 1 |  1.7
Necromancy     | 1 |  1.7
Fire Magic     | 1 |  1.7
Ice Magic      | 1 |  1.7
Air Magic      | 1 |  1.7
Earth Magic    | 1 |  1.7
Poison Magic   | 1 |  1.7
Fighting       | 3 |  3.4
Maces & Flails | 3 |  3.4
Armour         | 3 |  3.4
Shields        | 3 |  3.4
Evocations     | 3 |  3.4
Translocations | |  5.7

Action                   |  1- 3 |  4- 6 || total
-------------------------+-------+-------++-------
Melee: Rapier            |    52 |   129 ||   181
       Bite              |     4 |    12 ||    16
       Punch             |       |     1 ||     1
 Cast: Foxfire           |    21 |    13 ||    34
 Stab: Sleeping          |     1 |     4 ||     5
Armor: Robe              |     5 |    33 ||    38
Dodge: Dodged            |    23 |    77 ||   100
